 Dungeon Crawl Stone Soup version 0.31-a0-977-gc230f8ef24 (webtiles) character file.

Game seed: 5043080228621982991

3318 pokeman the Thaumaturge (level 9, 0/48 HPs)
             Began as a Deep Elf Hedge Wizard on Oct 29, 2023.
             Was an Initiate of Vehumet.
             Slain by a yak (14 damage)
             ... on level 9 of the Dungeon.
             The game lasted 00:21:28 (10823 turns).

pokeman the Thaumaturge (Deep Elf Hedge Wizard)    Turns: 10823, Time: 00:21:29

Health: 0/48       AC:  6    Str:  7    XL:     9   Next: 71%
Magic:  15/27      EV: 13    Int: 24    God:    Vehumet [......]
Gold:   267        SH:  0    Dex: 14    Spells: 24/32 levels left

rFire   + . .        y - +8 great mace of Jiugg {freeze, Stlth+}
rCold   . . .        (shield currently unavailable)
rNeg    . . .        b - +0 robe
rPois   .            H - +1 helmet
rElec   .            (no cloak)
rCorr   .            o - +0 pair of gloves
SInv    .            t - +0 pair of boots
Will    +....        (no amulet)
Stlth   +++          v - ring of protection from fire
HPRegen 0.28/turn    F - ring of willpower
MPRegen 0.20/turn

%: no passive effects
@: lethally poisoned (0 -> -1)
A: no striking features
a: Renounce Religion


You were on level 9 of the Dungeon.
You worshipped Vehumet.
Vehumet was noncommittal.
You visited 2 branches of the dungeon, and saw 10 of its levels.

You collected 474 gold pieces.
You spent 207 gold pieces at shops.

Inventory:

Hand Weapons
 i - a +2 dagger of pain
 u - a +2 dagger of venom
 y - the +8 great mace of Jiugg (weapon) {freeze, Stlth+}
   (You took it off an ogre on level 4 of the Dungeon)

   Stlth+:    It makes you more stealthy.
Armour
 b - a +0 robe (worn)
 o - a +0 pair of gloves (worn)
 t - a +0 pair of boots (worn)
 z - a +1 buckler of poison resistance
 H - a +1 helmet (worn)
Magical Staves
 a - a staff of cold
 j - a staff of poison
 s - a staff of death
 C - a staff of conjuration
Jewellery
 c - a ring of fire
 v - a ring of protection from fire (left hand)
 F - a ring of willpower (right hand)
Wands
 q - a wand of charming (8)
 D - a wand of flame (22)
 E - a wand of digging (6)
 G - a wand of roots (12)
 N - a wand of polymorph (7)
Scrolls
 e - 3 scrolls of vulnerability {unknown}
 f - 3 scrolls of revelation {unknown}
 g - a scroll of amnesia {unknown}
 h - 6 scrolls of teleportation {unknown}
 k - a scroll of summoning {unknown}
 l - 2 scrolls of fear {unknown}
 w - 4 scrolls of blinking {unknown}
 x - 7 scrolls of identify
 B - 2 scrolls of enchant armour {unknown}
 I - a scroll of acquirement {unknown}
 J - a scroll of immolation {unknown}
 L - a scroll of enchant weapon {unknown}
 M - a scroll of noise {unknown}
Potions
 d - a potion of magic
 m - a potion of might {unknown}
 n - 2 potions of curing {unknown}
 p - a potion of berserk rage {unknown}
 r - 3 potions of ambrosia {unknown}
 A - 2 potions of enlightenment {unknown}
 K - a potion of heal wounds {unknown}


   Skills:
 - Level 2.1 Fighting
 + Level 2.5 Armour
 - Level 3.0 Dodging
 - Level 3.0 Stealth
 - Level 3.0 Shields
 * Level 12.0 Spellcasting
 + Level 6.7 Conjurations
 - Level 1.1 Summonings
 + Level 6.6 Necromancy
 - Level 1.1 Translocations
 - Level 1.0 Ice Magic
 - Level 1.0 Air Magic
 - Level 1.0 Poison Magic
 - Level 1.1 Evocations


You had 24 spell levels left.
You knew the following spells:

 Your Spells              Type           Power      Damage    Failure   Level
a - Magic Dart            Conj           100%       1d8       1%          1
b - Mephitic Cloud        Conj/Pois/Air  28%        N/A       3%          3
c - Call Imp              Summ           38%        N/A       4%          2
d - Blink                 Tloc           38%        N/A       4%          2

Your spell library contained the following spells:

 Spells                   Type           Power      Damage    Failure   Level
 Cigotuvi's Dreadful Rot  Necr/Pois/Air  56%        N/A       1%          2
 Freeze                   Ice            76%        1d8       2%          1
 Hailstorm                Conj/Ice       33%        3d8       2%          3
 Slow                     Hex            56%        N/A       4%          1
 Frozen Ramparts          Ice            38%        1d6       9%          3


Dungeon Overview and Level Annotations

Branches:
Dungeon (9/15)             Temple (1/1) D:5            Lair (0/5) D:8
    Orc: D:9-12

Altars:
Ashenzari
Dithmenos
Fedhas
Gozag
Hepliaklqana
Kikubaaqudgha
Makhleb
Nemelex Xobeh
Okawaru
Qazlal
Ru
Trog
Uskayaw
Vehumet
Wu Jian
Yredelemnul
Zin
The Shining One

Shops:
D:4 [   D:5 *

Annotations:
D:3 Grinder
D:8 2 transporters, Sundig's ghost, novice DgFi


Message History

You are poisoned.
The yak is engulfed in noxious fumes.
The yak closely misses you.
Unknown command.
Casting: Mephitic Cloud (dangerous; 3% risk of failure)
Confirm with . or Enter, or press ? or * to list all spells.
Aiming: Magic Dart (safe; 1% risk of failure)
Press: ? - help, Shift-Dir - straight line, f - kobold
Aim: a kobold, wielding a +0 club and quivering poisoned darts (100% to hit)
The magic dart hits the kobold but does no damage.
You feel sick.
Your cerulean imp barely misses the yak.
The orc hits itself with a +0 hand axe.
The yak is engulfed in noxious fumes.
The yak appears confused.
The yak barely misses your cerulean imp.
The yak is engulfed in noxious fumes. x2; The yak appears confused.
The kobold throws a poisoned dart.
The poisoned dart misses you.
Casting: Magic Dart (safe; 1% risk of failure)
Confirm with . or Enter, or press ? or * to list all spells.
Aiming: Magic Dart (safe; 1% risk of failure)
Press: ? - help, Shift-Dir - straight line, f/p - kobold
Aim: a kobold, wielding a +0 club and quivering poisoned darts (100% to hit)
The magic dart hits the kobold.
The kobold is severely wounded.
You feel sick.
Your cerulean imp hits the yak but does no damage.
The orc warrior is engulfed in noxious fumes.
The orc warrior appears confused.
The yak barely misses the orc warrior.
Casting: Magic Dart (safe; 1% risk of failure)
Confirm with . or Enter, or press ? or * to list all spells.
Aiming: Magic Dart (safe; 1% risk of failure)
Press: ? - help, Shift-Dir - straight line, f/p - kobold
Aim: a kobold, wielding a +0 club and quivering poisoned darts (severely wounded, 100% to hit)
The magic dart hits the kobold!
You kill the kobold!
Vehumet accepts your kill.
You feel sick.
Your cerulean imp hits the yak but does no damage.
The yak completely misses the yak.
The yak is engulfed in noxious fumes.
The yak gores you!
You die...

......F..................##
...#####).................##
...#####.o(................#
...#####...Y................
...#####.o..°...............
...#####.○Y.................
.........o.Y................
.........5.YF...............
..........@................
...........................
.....).....................
...........................
..........#####............
.........#####............
.:......#####............
......>.#####..........[.
........#####........[...


You could see 4 yaks, an orc warrior (confused), a bullfrog, an orc wizard
(confused), an orc (confused) and a friendly cerulean imp (summoned).

Vanquished Creatures
  2 wyverns
  A steam dragon (D:8)
  Edmund (D:6)
  A water moccasin (D:8)
  2 ice beasts
  A sky beast (D:8)
  4 ogres
  2 centaurs
  3 phantoms (D:5)
  A kobold brigand (D:8)
  A bullfrog (D:7)
  4 scorpions
  8 wights
  3 howler monkeys (D:7)
  A crimson imp (D:8)
  A jelly (D:7)
  2 iguanas (D:5)
  2 orc priests
  2 sleepcaps
  7 orc wizards
  11 adders
  2 white imps
  2 ufetubi (D:3)
  3 worms (D:2)
  3 dart slugs
  26 orcs
  12 endoplasms
  4 giant cockroaches
  12 hobgoblins
  12 jackals
  10 kobolds
  3 quokkas
  6 ball pythons
  7 bats
  3 frilled lizards
  10 goblins
  2 goblin skeletons (D:8)
  2 hobgoblin zombies (D:8)
  2 kobold zombies (D:8)
  2 orc skeletons (D:8)
  2 orc zombies (D:8)
  7 rats
192 creatures vanquished.

Vanquished Creatures (collateral kills)
  The ghost of Gormless the Scratcher, a weakling FeCK of Kikubaaqudgha (D:4)
  A sleepcap (D:4)
2 creatures vanquished.

Grand Total: 194 creatures vanquished

Notes
Turn   | Place    | Note
-------+----------+-------------------------------------------
     0 | D:1      | pokeman the Deep Elf Hedge Wizard began the quest for the
                  | Orb.
     0 | D:1      | Reached XP level 1. HP: 10/10 MP: 7/7
   295 | D:1      | Reached XP level 2. HP: 11/16 MP: 3/9
   741 | D:1      | Reached skill level 5 in Spellcasting
   933 | D:1      | Reached XP level 3. HP: 19/20 MP: 6/11
   937 | D:1      | Learned a level 3 spell: Mephitic Cloud
   940 | D:1      | Learned a level 2 spell: Call Imp
   943 | D:1      | Learned a level 2 spell: Blink
  1346 | D:1      | You fall into a shaft and drop 1 floor!
  1657 | D:2      | Reached skill level 1 in Armour
  1689 | D:2      | Reached skill level 1 in Fighting
  2204 | D:2      | Reached XP level 4. HP: 25/25 MP: 3/13
  3561 | D:3      | Reached XP level 5. HP: 29/29 MP: 10/15
  3659 | D:3      | Reached skill level 6 in Spellcasting
  3885 | D:3      | Noticed Grinder
  4266 | D:4      | Reached skill level 1 in Necromancy
  4276 | D:4      | Reached skill level 1 in Air Magic
  4276 | D:4      | Reached skill level 1 in Poison Magic
  4276 | D:4      | Reached skill level 1 in Evocations
  4276 | D:4      | Reached XP level 6. HP: 20/34 MP: 12/17
  4516 | D:4      | Found a transporter.
  4516 | D:4      | Identified the +8 great mace of Jiugg {freeze, Stlth+}
  4561 | D:4      | Found a transporter.
  4561 | D:4      | Noticed Gormless's ghost (weakling FeCK)
  4891 | D:4      | Found Vucwob's Antique Armour Boutique.
  4923 | D:4      | Found a bloodstained altar of Trog.
  4923 | D:4      | Found a blossoming altar of Fedhas.
  5088 | D:4      | Reached skill level 7 in Spellcasting
  5088 | D:4      | Reached skill level 1 in Ice Magic
  5104 | D:4      | Reached XP level 7. HP: 29/39 MP: 7/19
  5244 | D:4      | Killed Gormless's ghost
  5358 | D:4      | Bought a shiny buckler for 187 gold pieces
  5417 | D:5      | Entered Level 5 of the Dungeon
  5499 | D:5      | Reached skill level 8 in Spellcasting
  5814 | D:5      | Found a staircase to the Ecumenical Temple.
  5833 | Temple   | Entered the Ecumenical Temple
  5901 | D:5      | Reached XP level 8. HP: 34/44 MP: 14/22
  6305 | D:5      | Reached skill level 9 in Spellcasting
  6461 | D:5      | Found Quaq's General Store.
  6636 | D:5      | Bought a scroll of identify for 20 gold pieces
  7427 | D:6      | Found a shadowy altar of Dithmenos.
  7459 | D:6      | Noticed Edmund
  7493 | D:6      | Killed Edmund
  7494 | D:6      | Reached skill level 1 in Shields
  7494 | D:6      | Reached skill level 5 in Conjurations
  7793 | D:6      | Found a sacrificial altar of Ru.
  7911 | D:7      | Found a radiant altar of Vehumet.
  7927 | D:7      | Became a worshipper of Vehumet
  7942 | D:7      | Reached skill level 10 in Spellcasting
  7942 | D:7      | Reached skill level 5 in Necromancy
  8074 | D:7      | Identified the talisman of death of Ofalekym {rElec rCorr
                  | Int+6 Dex-2}
  8930 | D:8      | Found a glowing golden altar of the Shining One.
  9091 | D:8      | Reached XP level 9. HP: 47/48 MP: 15/25
  9348 | D:8      | Reached skill level 11 in Spellcasting
  9427 | D:8      | Found a staircase to the Lair.
  9527 | D:8      | Found a transporter.
  9527 | D:8      | Identified the +1 trident "Ufa Obb" {venom, rC+ rN+}
  9527 | D:8      | Identified the +1 kite shield "Ykuugoev" {Contam rF++ rN+
                  | Str+4}
  9532 | D:8      | Found a transporter.
 10503 | D:8      | Noticed Sundig's ghost (novice DgFi)
 10547 | D:8      | Identified the ring "Aniatai" {rN+ Int+6}
 10789 | D:9      | Reached skill level 12 in Spellcasting
 10823 | D:9      | Slain by a yak

Illustrated notes

Levels and vault maps discovered:
D:1:      sevenhm_arrival_forest_fort_small_6, layout_basic
D:2:      layout_loops_ring, serial_park_tiny_1, minmay_pentomino_t4
D:3:      layout_basic, uniq_grinder
D:4:      layout_rooms, gammafunk_temple_overflow_wave, serial_shops,
          kennysheep_mini_moat, gammafunk_ghost_smash
D:5:      layout_loops_corners, minmay_temple_entry_glass, serial_shops,
          nicolae_inconvenience_store
D:6:      layout_basic, lemuel_coloured_pillars_altar, lemuel_round_altar,
          uniq_edmund
D:7:      layout_gridville, nicolae_vehumet_radiance
D:8:      layout_rooms, nicolae_tso_besieged_by_evil, lair_entry_dummy,
          gammafunk_ghost_gnarly_gnolls, kennysheep_donut
D:9:      layout_big_octagon, kennysheep_little_box, david_orc_4, serial_shops,
          shop, minmay_fire_ice_demons
Temple:   nicolae_temple_godzebo

Skill      XL: |  1  2  3  4  5  6  7  8  9 |
---------------+----------------------------+-----
Spellcasting   | 5 6 7 8 10 12 | 12.0
Armour         | 1 2 |  2.5
Fighting       | 1 2 |  2.1
Conjurations   | 2 3 4 5 6 |  6.7
Dodging        | 3 |  3.0
Stealth        | 3 |  3.0
Necromancy     | 1 2 3 5 6 |  6.6
Air Magic      | 1 |  1.0
Poison Magic   | 1 |  1.0
Evocations     | 1 |  1.1
Ice Magic      | 1 |  1.0
Shields        | 2 3 |  3.0
Summonings     | |  1.1
Translocations | |  1.1

Action                     |  1- 3 |  4- 6 |  7- 9 || total
---------------------------+-------+-------+-------++-------
  Melee: Dagger            |    15 |    55 |    90 ||   160
         Punch             |       |     2 |     1 ||     3
         Great mace        |       |       |    13 ||    13
   Cast: Magic Dart        |   128 |   128 |   266 ||   522
         Mephitic Cloud    |     2 |     7 |    26 ||    35
         Call Imp          |       |     2 |    18 ||    20
         Blink             |       |     1 |     3 ||     4
   Stab: Sleeping          |       |     1 |       ||     1
         Confused          |       |     3 |     5 ||     8
         Distracted        |       |       |     1 ||     1
 Armour: Robe              |    13 |    58 |    90 ||   161
  Dodge: Dodged            |    17 |    51 |    96 ||   164

Table legend: (Time is in decaauts)
 A = Elapsed time spent in this place.
 B = Non-inter-level travel time spent in this place.
 C = Inter-level travel time spent in this place.
 D = Time resting spent in this place.
 E = Time spent auto-exploring this place.
 F = Levels seen in this place.
 G = Mean time per level.
                   A        B        C        D        E       F      G
               +--------+--------+--------+--------+--------+-----+--------+
         Total |  10826 |  10401 |    425 |    499 |   8306 |  10 | 1082.6 |
       Dungeon |  10767 |  10362 |    405 |    499 |   8306 |   9 | 1196.3 |
        Temple |     59 |     39 |     20 |      0 |      0 |   1 |   59.0 |
               +--------+--------+--------+--------+--------+-----+--------+

Top non-repeatable levels by time:
     D:8: 1753 daAuts
     D:1: 1632 daAuts
     D:3: 1438 daAuts
     D:5: 1396 daAuts
     D:2: 1184 daAuts
     D:4: 1159 daAuts
     D:7: 1007 daAuts
     D:6: 992 daAuts
     D:9: 202 daAuts
  Temple: 59 daAuts
